 Dungeon Crawl Stone Soup version 0.23-a0-375-g66a18ee (webtiles) character file.

93 galech the Skirmisher (level 4, -1/35 HPs)
             Began as a Demonspawn Fighter on Oct 26, 2018.
             Slain by an adder (4 damage)
             ... on level 3 of the Dungeon.
             The game lasted 00:03:01 (1439 turns).

galech the Skirmisher (Demonspawn Fighter)          Turns: 1439, Time: 00:03:02

Health: -1/35      AC:  7    Str: 13 (16) XL:     4   Next: 36%
Magic:  4/4        EV:  8    Int:  8 (9)  God:
Gold:   64         SH:  8    Dex: 12 (14) Spells: 3/3 levels left

rFire    + . .     SeeInvis .   a - +0 war axe
rCold    . . .     Gourm    .   c - +0 shield
rNeg     . . .     Faith    .   b - +0 scale mail
rPois    .         Spirit   .   r - +0 helmet
rElec    .         Reflect  .   (no cloak)
rCorr    .         Harm     .   (no gloves)
MR       .....                  (no boots)
Stlth    ..........             (no amulet)
HPRegen  0.11/turn              (no ring)
MPRegen  0.09/turn              (no ring)

@: no status effects
A: blurry vision 1, fire resistance 1, wild magic 1, sturdy frame 2
a: no special abilities


You were on level 3 of the Dungeon.
You were not hungry.

You visited 1 branch of the dungeon, and saw 3 of its levels.

You collected 64 gold pieces.

Inventory:

Hand Weapons
 a - a +0 war axe (weapon)
Armour
 b - a +0 scale mail (worn)
 c - a +0 shield (worn)
 r - a +0 helmet (worn)
Scrolls
 i - 2 scrolls of teleportation {unknown}
 j - a scroll of magic mapping {unknown}
 l - a scroll of identify {unknown}
 o - a scroll of amnesia {unknown}
 p - a scroll of remove curse {unknown}
Potions
 d - a potion of might
 q - a potion of cancellation
Comestibles
 f - 3 rations
 g - 3 chunks of flesh


   Skills:
 + Level 3.5 Fighting
 + Level 2.9 Axes
 + Level 3.1 Armour
 + Level 0.4 Dodging
 + Level 3.2 Shields


You had 3 spell levels left.
You didn't know any spells.
Your spell library contained the following spells:

 Spells                   Type           Power        Failure   Level  Hunger
 Corona                   Hex            #......      99%         1    ##.....


Dungeon Overview and Level Annotations

Branches:
Dungeon (3/15)

Altars:
Ashenzari
Elyvilon
Kikubaaqudgha
Sif Muna
Vehumet


Innate Abilities, Weirdness & Mutations

Your flesh is heat resistant. (rF+)
Your movements are less encumbered by armour. (ER -4)
Scrolls take you a little longer to read.
Your spells are a little harder to cast, but a little more powerful.


Message History

You are starting to lose your buoyancy.
The orc closely misses you. You block the adder's attack.
The orc hits you but does no damage.
Unknown command.
You barely miss the adder.
The adder is lightly wounded.
You slash the orc!
You kill the orc!
You block the bat's attack. The adder bites you but does no damage.
The adder barely misses you.
You barely miss the adder.
The adder is lightly wounded.
You closely miss the orc. The adder barely misses you.
The orc hits you but does no damage. You block the adder's attack.
You miss the adder. You closely miss the orc.
You float gracefully downwards.
You block the adder's attack. You block the orc's attack.
The adder bites you but does no damage.
You miss the adder. You hit the orc. The orc hits you but does no damage.
The adder bites you.
You die...

.$.. #. ... #.
#..### #. .....#
#. ....S
#####.####<..#
###...#..##)w.#
#@#..o##.##>#.####
#oSo.)....).......
#b.........#...#..
#.######.........#
#.# #.)..#..[..
#.. #..#.......
... ...###.#.##
... ....# .#...
#.. .....# . ##


You could see an adder, 2 orcs and a bat.

Vanquished Creatures
  An adder (D:2)
  An ooze (D:1)
  An adder skeleton (D:2)
  A dart slug (D:1)
  A leopard gecko (D:2)
  4 orcs (D:3)
  3 ball pythons (D:1)
  6 bats
  3 giant cockroaches
  7 goblins
  5 hobgoblins
  8 jackals
  7 kobolds
  A quokka (D:3)
  3 frilled lizards
  8 rats
60 creatures vanquished.

Notes
Turn   | Place    | Note
-------+----------+-------------------------------------------
     0 | D:1      | galech the Demonspawn Fighter began the quest for the Orb.
     0 | D:1      | Reached XP level 1. HP: 18/18 MP: 1/1
   254 | D:1      | Gained mutation: Your flesh is heat resistant. (rF+)
                  | [demonic ancestry]
   254 | D:1      | Reached XP level 2. HP: 22/24 MP: 2/2
   365 | D:1      | Gained mutation: Your movements are slightly less
                  | encumbered by armour. (ER -2) [demonic ancestry]
   365 | D:1      | Reached XP level 3. HP: 15/29 MP: 3/3
  1033 | D:2      | Gained mutation: Your movements are less encumbered by
                  | armour. (ER -4) [demonic ancestry]
  1033 | D:2      | Reached XP level 4. HP: 31/35 MP: 4/4
  1088 | D:2      | Found an ancient bone altar of Kikubaaqudgha.
  1093 | D:2      | Found a deep blue altar of Sif Muna.
  1095 | D:2      | Found a radiant altar of Vehumet.
  1099 | D:2      | Identified Sif Muna's Handbook of Curses
  1156 | D:2      | Found a shattered altar of Ashenzari.
  1316 | D:2      | Found a white marble altar of Elyvilon.
  1413 | D:3      | Gained mutation: Scrolls take you a little longer to read.
                  | [potion of mutation]
  1413 | D:3      | Gained mutation: Your spells are a little harder to cast,
                  | but a little more powerful. [potion of mutation]
  1439 | D:3      | Slain by an adder

Vault maps used:
D:1:      evilmike_arrival_rings, minmay_misc_feat_cross
D:2:      grunt_temple_overflow_magic_moments, marbit_many_paths,
          lemuel_round_altar
D:3:      zin_statuary, first_ration, wad_orctagon

Skill      XL: |  1  2  3 |
---------------+----------+-----
Axes           | 2 |  2.9
Shields        | 3 |  3.2
Armour         | 3 |  3.1
Fighting       | |  3.5
Dodging        | |  0.4

Action                   |  1- 3 |  4- 6 || total
-------------------------+-------+-------++-------
Melee: War axe           |   141 |    44 ||   185
  Use: Potion            |       |     7 ||     7
  Eat: Chunk             |     1 |     1 ||     2
Armor: Scale mail        |    73 |    30 ||   103
Dodge: Dodged            |    50 |    30 ||    80
Block: Shield            |    74 |    47 ||   121

Table legend:
 A = Non-vault XP
 B = Vault XP
 C = Vault XP percentage of total XP
 D = Non-vault monster count
 E = Vault monster count
 F = Vault count percentage of total count
                 A         B        C        D         E       F
            +---------+---------+-------+---------+---------+-------
      Total |     131 |       2 |   1.5 |      59 |       1 |   1.7
            +---------+---------+-------+---------+---------+-------
        D:1 |      63 |       0 |   0.0 |      32 |       0 |   0.0
        D:2 |      48 |       2 |   4.0 |      19 |       1 |   5.0
        D:3 |      20 |       0 |   0.0 |       8 |       0 |   0.0
            +---------+---------+-------+---------+---------+-------
